Map: Chantier naval orbital

Players

Teinez - Winner!

  • Race: Terran Terran
  • League: Diamond

Kamenashi

  • Race: Terran Terran
  • League: Diamond

VOD

Have the link to the VOD?

Description

Time

  • Played on: April 11, 2016, 3:01 p.m.
  • Length: 22:14
Show
View Real Time Build Order
Export as new Build Order

Teinez Terran - Winner!

Build Orders: Reaper Expand, MMM Bio 

Get SALT Encoding   

  12  0:01  SCV  
  13  0:13  SCV  
  14  0:17  Supply Depot  
  14  0:25  SCV  
  15  0:39  SCV  
  15  0:41  Barracks  
  16  0:46  Refinery  
  16  0:51  SCV  
  17  1:03  SCV  
  18  1:06  Supply Depot  
  18  1:15  SCV  
  19  1:30  Reaper, Orbital Command  
  20  1:54  Command Center  
  20  2:00  SCV  
  21  2:13  SCV  
  21  2:15  Barracks Reactor  
  21  2:25  SCV  
  21  2:27  Factory  
  22  2:31  Refinery  
  23  2:37  SCV  
  23  2:49  SCV  
  24  2:51  Marine  
  24  2:52  Marine  
  26  3:01  SCV  
  27  3:07  Orbital Command  
  27  3:13  Marine x2, Factory Tech Lab  
  27  3:17  SCV  
  29  3:31  Marine x2  
  29  3:33  Siege Tank  
  32  3:40  SCV x2  
  34  3:49  Starport  
  34  3:55  Marine x2  
  36  4:03  Engineering Bay  
  36  4:04  Barracks, SCV x2  
  36  4:06  Barracks  
  38  4:10  Siege Tank  
  38  4:16  SCV  
  42  4:20  SCV  
  42  4:22  Supply Depot  
  43  4:29  Medivac  
  43  4:30  Refinery  
  45  4:33  SCV  
  45  4:36  Missile Turret  
  46  4:43  Missile Turret  
  46  4:44  SCV  
  47  4:50  Missile Turret  
  47  4:51  Siege Tank  
  50  4:54  SCV  
  50  4:57  Barracks Tech Lab  
  51  5:01  SCV  
  51  5:02  Refinery  
  52  5:10  Supply Depot  
  52  5:11  Supply Depot  
  53  5:14  SCV  
  53  5:16  SCV  
  53  5:18  Starport Reactor  
  54  5:22  Barracks Reactor  
  54  5:26  Stimpack  
  51  5:42  Marine x3  
  53  5:43  Orbital Command  
  53  5:48  Siege Tank  
  57  6:00  Marine x2  
  57  6:02  Viking  
  58  6:10  Orbital Command  
  55  6:14  Marine x2  
  57  6:25  Medivac  
  59  6:29  Missile Turret, SCV  
  59  6:32  Missile Turret  
  60  6:41  SCV x2  
  60  6:43  Terran Infantry Weapons Level 1  
  60  6:44  Marine x3  
  60  6:45  Marine  
  66  6:53  SCV  
  67  6:54  Supply Depot  
  67  6:56  Supply Depot  
  67  7:07  Missile Turret  
  67  7:08  Marine x3  
  70  7:16  SCV x2, Marine x2, Supply Depot  
  74  7:23  Medivac x2  
  74  7:26  Combat Shields  
  74  7:28  Siege Tank, SCV x2  
  83  7:36  Marine x3  
  86  7:38  Marine x2  
  86  7:39  Supply Depot  
  86  7:41  SCV x2  
  90  7:59  Marine x3  
  90  8:05  Command Center  
  83  8:06  SCV x2  
  85  8:15  Supply Depot, Medivac  
  85  8:16  Medivac  
  85  8:17  Siege Tank  
  85  8:18  SCV  
  93  8:32  Sensor Tower  
  93  8:35  SCV x2  
  93  8:36  Sensor Tower, Marine x3  
  93  8:37  Marine  
  99  8:42  Terran Infantry Armor Level 1  
  99  8:57  Engineering Bay, Armory  
  99  8:58  Medivac  
  99  8:59  Medivac  
  103  9:09  Siege Tank  
  106  9:20  Orbital Command  
  106  9:21  Supply Depot  
  106  9:22  Supply Depot x2  
  106  9:31  Viking  
  108  9:32  Factory  
  108  9:33  Viking  
  108  9:38  Orbital Command  
  110  9:49  Terran Infantry Weapons Level 2  
  110  9:55  SCV x2  
  110  9:59  Marine  
  112  10:00  Marine x4  
  112  10:06  SCV  
  118  10:07  Barracks, SCV  
  118  10:08  Barracks, Missile Turret  
  119  10:18  Marine x3  
  119  10:19  Marine  
  123  10:23  SCV x2  
  123  10:24  Missile Turret, SCV  
  123  10:26  Sensor Tower  
  126  10:31  Supply Depot x2  
  126  10:35  SCV x2  
  126  10:36  SCV  
  126  10:37  Terran Vehicle Weapons Level 1  
  126  10:42  Refinery  
  129  10:43  Terran Infantry Armor Level 2, Refinery  
  129  10:47  SCV, Marine x4  
  129  10:48  SCV x2  
  129  10:49  Marine  
  106  11:12  Marine x3  
  106  11:16  Marine x2  
  106  11:18  Barracks Reactor  
  112  11:26  Factory Tech Lab  
  112  11:28  Barracks Reactor  
  112  11:30  Barracks, Marine x3  
  112  11:31  Barracks  
  112  11:33  Barracks  
  112  11:34  SCV x2  
  112  11:35  SCV  
  115  11:42  Command Center  
  115  11:45  Marine x2  
  115  11:46  Siege Tank x2  
  123  11:48  Marine  
  123  11:52  Marine x2  
  126  11:56  Marine x2  
  125  12:03  Marine x2  
  125  12:04  Marine x2  
  125  12:06  Marine  
  110  12:10  Marine x2  
  110  12:14  Marine x2  
  105  12:18  Siege Tank  
  105  12:19  Siege Tank  
  105  12:21  Marine x2  
  105  12:22  Barracks Reactor x2, Marine  
  114  12:25  Barracks Reactor  
  114  12:28  SCV x2  
  115  12:32  Marine x4  
  119  12:44  Viking  
  119  12:45  Viking  
  119  12:51  Siege Tank x2  
  129  12:53  Missile Turret x2  
  129  12:57  Missile Turret x2  
  129  13:01  Terran Infantry Weapons Level 3  
  129  13:10  Terran Infantry Armor Level 3  
  129  13:20  SCV x2, Marine x3, Refinery  
  129  13:21  Marine x6  
  129  13:22  Marine  
  129  13:25  Medivac  
  129  13:26  Medivac  
  145  13:39  Marine x4  
  145  13:40  Marine x2  
  151  13:44  Terran Vehicle Weapons Level 2  
  154  13:55  Siege Tank, Medivac  
  154  13:56  Medivac  
  158  14:07  Marine x5  
  158  14:09  Missile Turret  
  163  14:18  Sensor Tower, Marine x4  
  163  14:20  Refinery  
  163  14:21  Planetary Fortress  
  167  14:26  Marine x5  
  167  14:27  Marine  
  167  14:30  Marine x2  
  175  14:32  Marine x3  
  175  14:35  Marine  
  179  14:40  Supply Depot  
  179  14:42  Supply Depot  
  179  15:02  Siege Tank x2  
  179  15:03  Marine x3  
  179  15:04  Marine x7  
  179  15:05  Marine  
  196  15:23  Refinery  
  196  15:33  Marine  
  196  15:34  Marine  
  196  15:35  Marine x2  
  196  15:37  Marine  
  196  15:41  Marine  
  196  15:48  Building Armor, Hi-Sec Auto Tracking  
  196  15:53  Missile Turret  
  196  15:57  Missile Turret  
  196  16:02  Command Center  
  196  16:05  Terran Vehicle Weapons Level 3  
  196  16:12  Siege Tank  
  199  16:33  Medivac x2  
  199  16:34  Siege Tank  
  178  16:46  Siege Tank  
  162  16:56  Command Center  
  160  17:03  Medivac x2  
  160  17:06  Siege Tank  
  153  17:18  Siege Tank  
  155  17:26  Marine x2  
  156  17:32  Marine x5  
  161  17:38  Siege Tank  
  161  17:40  Marine x3  
  167  17:50  Siege Tank  
  170  17:55  Marine x4  
  170  17:56  Marine x3  
  172  18:07  Planetary Fortress  
  172  18:10  Siege Tank  
  175  18:17  Marine  
  175  18:18  Marine x2  
  178  18:32  Marine x5  
  183  18:55  Planetary Fortress  
  183  18:57  SCV x3, Sensor Tower  
  183  18:58  SCV  
  183  19:02  Missile Turret  
  187  19:09  SCV  
  188  19:10  Medivac  
  188  19:13  Medivac  
  181  19:32  Marine x6  
  181  19:33  Marine x2  
  189  19:43  Marine  
  189  19:44  Marine x6  
  196  19:49  Missile Turret  
  196  19:51  Missile Turret  
  196  19:52  Siege Tank  
  199  20:00  Marine  
  200  20:08  Command Center  
  159  20:15  Marine x5  
  159  20:18  Marine  
  159  20:19  Marine  
  143  20:28  Marine x2  
  143  20:29  Marine x5  
  143  20:30  Siege Tank x2  
  156  20:37  Marine x3  
  156  20:38  Marine x2  
  156  20:39  Marine x3  
  164  20:43  Viking  
  164  20:44  Viking  
  164  20:46  Marine  
  169  20:53  Marine  
  169  20:54  Marine x5  
  175  21:02  Siege Tank  
  175  21:03  Siege Tank  
  181  21:14  Marine x5  
  181  21:15  Marine x7  
  181  21:16  Marine  
  194  21:27  Marine x2  
  194  21:32  Marine x3  
  199  21:37  Marine  
  200  21:46  Refinery  
  200  21:48  Refinery  
  200  21:49  Sensor Tower  
  200  21:58  Refinery  
  200  22:01  Sensor Tower  
  200  22:02  Missile Turret  
  200  22:03  Refinery  
  200  22:06  Barracks x2  
Show
View Real Time Build Order
Export as new Build Order

Kamenashi Terran 

Build Orders: Reaper Expand, Bio Tank 

Get SALT Encoding   

  12  0:01  SCV  
  13  0:13  SCV  
  14  0:17  Supply Depot  
  14  0:25  SCV  
  15  0:39  SCV  
  15  0:42  Barracks  
  16  0:47  Refinery  
  16  0:51  SCV  
  17  1:03  SCV  
  18  1:15  SCV  
  19  1:32  Orbital Command  
  19  1:33  Reaper  
  19  1:39  Supply Depot  
  20  2:02  Command Center  
  20  2:05  Reaper  
  21  2:10  SCV  
  21  2:12  Refinery  
  21  2:22  SCV  
  22  2:28  Factory  
  22  2:34  SCV  
  23  2:41  Barracks Reactor  
  23  2:46  SCV  
  24  2:53  Supply Depot  
  24  2:58  SCV  
  25  3:10  SCV  
  25  3:12  Starport, Factory Tech Lab  
  26  3:16  Orbital Command  
  26  3:23  SCV  
  27  3:35  SCV  
  27  3:36  Siege Tank, Marine x2  
  33  3:46  SCV  
  33  3:47  SCV  
  35  3:56  Marine x2, Medivac  
  35  3:58  SCV  
  35  3:59  SCV  
  35  4:00  Supply Depot, Engineering Bay  
  41  4:11  SCV  
  41  4:14  Marine x2  
  41  4:16  SCV  
  45  4:17  Siege Tank  
  45  4:23  SCV  
  47  4:32  Marine x2  
  47  4:35  Viking  
  47  4:36  SCV  
  52  4:40  Barracks  
  52  4:41  Barracks, SCV  
  53  4:47  Missile Turret  
  53  4:48  SCV  
  53  4:49  Marine x2  
  56  4:53  SCV  
  56  4:54  Terran Infantry Weapons Level 1  
  57  5:00  SCV  
  57  5:01  Refinery  
  57  5:03  Refinery  
  57  5:05  SCV  
  59  5:07  Marine x2  
  59  5:12  SCV  
  62  5:19  Command Center  
  62  5:40  Barracks Tech Lab  
  62  5:42  Barracks Reactor  
  62  5:53  SCV, Refinery  
  62  5:54  Refinery  
  62  5:55  SCV  
  62  5:58  Barracks  
  62  5:59  Barracks  
  62  6:06  Marine  
  62  6:10  Marine  
  62  6:11  Supply Depot  
  62  6:12  Marine  
  62  6:13  Siege Tank, SCV x2  
  62  6:14  Supply Depot  
  65  6:22  Marine  
  65  6:23  Marine  
  65  6:24  Marine  
  65  6:25  SCV x2  
  70  6:27  Starport Reactor  
  70  6:31  Stimpack  
  70  6:32  Orbital Command  
  70  6:35  Marine x2  
  70  6:37  SCV x2  
  74  6:45  Siege Tank, Marine  
  74  6:46  Marine x2  
  82  6:48  Barracks Reactor  
  82  6:49  SCV  
  81  6:54  Supply Depot  
  81  6:56  Supply Depot  
  81  6:59  Barracks Reactor  
  81  7:00  Terran Infantry Armor Level 1  
  81  7:02  Missile Turret  
  81  7:04  Missile Turret  
  81  7:05  Marine  
  81  7:06  Missile Turret, Marine  
  83  7:11  Marine x2  
  89  7:17  Siege Tank, Viking  
  89  7:18  Viking  
  89  7:19  Marine  
  89  7:20  SCV  
  94  7:23  Marine  
  95  7:32  SCV  
  95  7:35  Marine x3  
  95  7:36  Marine x3  
  102  7:39  Supply Depot  
  102  7:40  Marine x2  
  102  7:42  Supply Depot  
  103  7:49  Siege Tank, Marine  
  107  7:53  Marine  
  107  7:55  Marine  
  107  7:56  Marine  
  110  8:03  Marine x2  
  112  8:09  Medivac x2  
  116  8:13  Engineering Bay  
  116  8:15  Orbital Command, Armory  
  116  8:22  Siege Tank  
  116  8:23  Supply Depot  
  116  8:24  Marine x3  
  116  8:26  Supply Depot  
  122  8:27  Supply Depot  
  122  8:35  Marine x2  
  122  8:36  Marine x3  
  122  8:39  Medivac  
  129  8:48  Marine  
  129  8:49  Marine x2  
  129  8:50  SCV  
  129  8:55  Missile Turret, Marine  
  133  8:56  Marine x2, Refinery  
  133  8:59  Sensor Tower, Refinery  
  136  9:05  Terran Infantry Weapons Level 2  
  136  9:06  Terran Infantry Armor Level 2  
  136  9:09  Terran Vehicle Weapons Level 1  
  136  9:12  Marine x2  
  136  9:14  Medivac  
  136  9:15  Medivac  
  142  9:24  Marine  
  142  9:25  Marine x4  
  142  9:26  Combat Shields  
  142  9:27  Marine  
  148  9:33  SCV x2  
  148  9:35  Marine x2  
  152  9:40  Marine, Supply Depot x3  
  152  9:42  Marine  
  154  9:45  Marine  
  154  9:46  Marine x2  
  157  10:01  Siege Tank, SCV, Marine, Medivac x2  
  157  10:03  Supply Depot  
  157  10:04  Missile Turret, Supply Depot  
  157  10:05  Supply Depot  
  157  10:06  Missile Turret  
  166  10:09  Marine x2  
  166  10:10  Marine  
  169  10:17  Marine x3  
  172  10:23  Barracks  
  172  10:24  Barracks  
  172  10:28  Marine x4  
  176  10:36  Factory  
  176  10:37  Marine x3  
  176  10:38  Siege Tank, Medivac  
  169  11:10  Siege Tank  
  139  11:19  Marine x2  
  139  11:20  Marine x4  
  139  11:24  Barracks Reactor x2  
  145  11:28  Terran Infantry Weapons Level 3, Terran Infantry Armor Level 3  
  145  11:29  Command Center  
  145  11:39  Marine x6  
  151  11:42  Siege Tank, Factory Tech Lab  
  151  11:46  Marine x3  
  157  11:56  Marine  
  150  12:07  Marine  
  150  12:08  Marine x5  
  124  12:09  Marine x3  
  124  12:12  Marine x3  
  124  12:13  Siege Tank  
  124  12:14  Siege Tank, Marine  
  119  12:22  Terran Vehicle Weapons Level 2  
  116  12:25  Marine x2  
  116  12:26  Marine x2  
  116  12:29  Marine x4  
  124  12:35  Marine  
  124  12:36  Marine x3  
  128  12:50  Siege Tank x2  
  134  12:58  Marine x5  
  137  12:59  Marine x6  
  145  13:09  Medivac x2  
  145  13:10  Missile Turret  
  149  13:14  Sensor Tower, Planetary Fortress  
  149  13:24  Siege Tank  
  149  13:25  Siege Tank, Marine x3  
  149  13:26  Marine x5  
  163  13:51  Marine x3  
  163  13:52  Marine x8  
  174  13:56  Siege Tank  
  174  13:57  Siege Tank  
  174  13:58  Medivac x2  
  184  14:07  Marine x2  
  184  14:09  Marine x2  
  188  14:11  Marine x3  
  188  14:12  Marine  
  188  14:15  Command Center  
  192  14:18  Missile Turret  
  192  14:49  Marine x3, Terran Vehicle Weapons Level 3  
  192  14:50  Marine x5  
  200  15:07  Barracks  
  200  15:08  Barracks  
  200  15:10  Refinery, Factory  
  200  15:12  Refinery  
  200  15:26  Liberator  
  200  15:27  Liberator  
  184  15:37  Marine  
  184  15:38  Marine x3  
  168  15:43  Siege Tank x2  
  180  16:00  Factory Tech Lab  
  180  16:03  Barracks Reactor  
  180  16:08  Marine x6  
  180  16:09  Barracks Reactor, Marine x4  
  190  16:15  Siege Tank  
  190  16:18  Missile Turret  
  193  16:19  Sensor Tower  
  184  16:36  Marine x3  
  184  16:37  Marine x2  
  152  16:43  Marine x3  
  152  16:45  Marine x4  
  152  16:46  Siege Tank x2  
  121  16:47  Siege Tank  
  121  16:49  Marine x2  
  121  16:50  Marine x2  
  128  16:55  Planetary Fortress  
  128  17:06  Marine x5  
  129  17:18  Siege Tank x2  
  129  17:19  Siege Tank  
  129  17:22  Marine x2  
  134  17:23  Marine x3  
  131  17:31  Marine x2  
  131  17:32  Marine x6  
  131  17:35  Medivac x2  
  141  17:43  Command Center  
  141  18:05  Marine x2, Medivac x2  
  142  18:06  Marine x6  
  142  18:08  Terran Vehicle And Ship Armor Level 1  
  152  18:19  Siege Tank  
  161  18:30  Marine x4  
  161  18:31  Marine x13  
  172  18:48  Marine x4  
  175  18:49  Marine  
  175  18:50  Marine x2  
  182  19:17  Siege Tank x2  
  163  19:38  Marine x3  
  161  19:39  Siege Tank, Medivac  
  161  19:44  Planetary Fortress  
  166  19:49  Siege Tank x2  
  172  19:55  Marine x2  
  167  20:14  Marine x2  
  117  20:18  Marine x4  
  117  20:19  Marine x5  
  90  20:27  Marine x3  
  84  20:34  Marine x2  
  86  20:36  Siege Tank x3  
  86  20:37  Medivac x2  
  99  20:47  Marine x4  
  103  20:56  Marine  
  103  20:57  Marine  
  105  21:07  Medivac  
  104  21:19  Marine x2  
  104  21:20  Marine x3  
  98  21:31  Marine x4  
  98  21:32  Marine x5  
  107  21:33  Medivac  
  107  21:37  Marine x2, Medivac  
  107  21:39  Orbital Command  
  113  21:47  Marine  
Tags
 
Add a new tag
Caveats
  • Supply blocks, unpowered buildings, or Contaminate may cause inaccurate times.
  • Supply counts are checked every 10 seconds.